 Dungeon Crawl Stone Soup version 0.27-a0-1140-g099f9bb0e8 (webtiles) character file.

Game seed: 13301774978915852559

330 willcat the Shield-Bearer (level 6, -1/73 HPs)
             Began as a Human Fighter on May 8, 2021.
             Was a Follower of Jiyva.
             Slain by a scorpion (3 damage)
             ... on level 3 of the Dungeon.
             The game lasted 00:02:42 (2468 turns).

willcat the Shield-Bearer (Human Fighter)           Turns: 2468, Time: 00:02:42

Health: -1/73      AC: 23    Str: 20    XL:     6   Next: 81%
Magic:  6/6        EV:  2    Int: 14    God:    Jiyva [*.....]
Gold:   149        SH:  9    Dex: 11    Spells: 5/5 levels left

rFire    . . .     SeeInvis .   a - +0 war axe
rCold    . . .     Faith    .   c - +0 kite shield
rNeg     + + +     Spirit   .   (armour currently unavailable)
rPois    +         Reflect  .   (helmet currently unavailable)
rElec    .         Harm     .   (cloak currently unavailable)
rCorr    .         Rampage  .   (gloves currently unavailable)
Will     .....     NoTele   +   (boots currently unavailable)
Stlth    +.........             (no amulet)
HPRegen  1.22/turn              l - +6 ring of intelligence
MPRegen  0.10/turn              (no ring)

@: brilliant, lethally poisoned (-1 -> -1), tree-form
A: stationary, stasis, torment immunity, boosted hp, sense surroundings 1,
regeneration 1, subdued magic 1
a: Renounce Religion, Request Jelly


You were on level 3 of the Dungeon.
You worshipped Jiyva.
Jiyva was aware of your devotion.
You were a tree.
You visited 1 branch of the dungeon, and saw 4 of its levels.

You collected 149 gold pieces.

Inventory:

Hand Weapons
 a - a +0 war axe (weapon)
Armour
 b - a +0 scale mail (melded)
 c - a +0 kite shield (worn)
Jewellery
 l - a +6 ring of intelligence (left branch)
Wands
 h - a wand of mindburst (13)
Scrolls
 f - a scroll of enchant armour {unknown}
 g - 3 scrolls of identify {unknown}
 i - 3 scrolls of fog {unknown}
 j - a scroll of fear {unknown}
 m - a scroll of summoning {unknown}
 o - a scroll of teleportation {unknown}
Potions
 q - a potion of attraction {unknown}


   Skills:
 + Level 4.3 Fighting
 + Level 3.6 Axes
 + Level 4.3 Armour
 + Level 4.3 Shields


You had 5 spell levels left.
You didn't know any spells.
Your spell library contained the following spells:

 Spells                   Type           Power      Damage    Failure   Level
 Beastly Appendage        Tmut           0%         N/A       71%         1
 Wereblood                Tmut           0%         N/A       83%         2
 Spider Form              Tmut/Pois      0%         N/A       97%         3
 Ice Form                 Ice/Tmut       0%         N/A       100%        4
 Hydra Form               Tmut           0%         N/A       100%        5


Dungeon Overview and Level Annotations

Branches:
Dungeon (4/15)
 Temple: D:4-7

Altars:
Jiyva


Innate Abilities, Weirdness & Mutations

You are a tree.
Your roots penetrate the ground, keeping you stationary.
You cannot be teleported.
You are immune to unholy pain and torment.
Your maximum health is greatly increased.
Your equipment is partially melded.
You passively map a small area around you.
Your natural rate of healing is unusually fast.
Your spells are a little easier to cast, but a little less powerful.


Message History

You hit the scorpion.
The scorpion is heavily wounded.
You feel very sick. You block the scorpion's attack.
The scorpion stings you but does no damage.
Jiyva says: Divide and consume!
You barely miss the scorpion.
The scorpion is heavily wounded.
You feel very sick. The scorpion stings you.
You are lethally poisoned!
The scorpion poisons you! The scorpion barely misses you.
Your shield prevents you from hitting the scorpion.
The scorpion is heavily wounded.
* * * LOW HITPOINT WARNING * * *
You feel very sick. The scorpion stings you.
* * * LOW HITPOINT WARNING * * *
The scorpion stings you.
* * * LOW HITPOINT WARNING * * *
It was a potion of mutation.
You feel extremely strange.
You feel a strange attunement to the structure of the dungeons.
Your connection to magic feels subdued.
You begin to heal more quickly.
You feel very sick. The scorpion stings you.
* * * LOW HITPOINT WARNING * * *
Unknown command.
It was a potion of lignification.
You turn into a tree.
Your +0 scale mail melds into your body.
Your roots penetrate the ground.
You feel sick. You block the scorpion's attack.
Unknown command.
It was a potion of brilliance.
You feel clever all of a sudden.
You feel sick.
You hear a distant slurping noise.
The scorpion stings you but does no damage.
It was a potion of flight.
Your roots keep you in place.
You feel sick. The scorpion stings you.
You die...

####### #.....# ###
#.....###########
..###.....#.........#
..##......#.........#
..........#.........#
...##....)#<........#
.####.....#.........#
.# #.....#.....♣...#
.# #######.....s...#
.## #.........# <.#
#........## ..#
#........# ..#
###........#
.########..........#
.##................#
##(.##.......#.#####


You could see a scorpion.

Vanquished Creatures
  Grinder (D:3)
  Sigmund (D:3)
  An adder (D:3)
  3 dart slugs
  An orc (D:4)
  An endoplasm (D:1)
  A giant cockroach (D:1)
  2 goblins
  5 hobgoblins
  3 quokkas
  3 ball pythons
  2 bats
  6 frilled lizards
  2 kobolds
  20 rats
52 creatures vanquished.

Vanquished Creatures (others)
  A scorpion (D:3)
  2 jellies (D:3)
  An ufetubus (D:3)
  A ball python (D:1)
  An endoplasm (D:3)
  A hobgoblin (D:1)
  A kobold (D:1)
  10 plants (D:1)
18 creatures vanquished.

Grand Total: 70 creatures vanquished

Notes
Turn   | Place    | Note
-------+----------+-------------------------------------------
     0 | D:1      | willcat the Human Fighter began the quest for the Orb.
     0 | D:1      | Reached XP level 1. HP: 18/18 MP: 1/1
    67 | D:1      | Found a faded altar of an unknown god.
   112 | D:1      | Became a worshipper of Jiyva Jiddah the Shapeless
   112 | D:1      | Reached * piety under Jiyva
   377 | D:1      | Reached XP level 2. HP: 24/24 MP: 2/2
  1016 | D:2      | Reached XP level 3. HP: 28/29 MP: 3/3
  1616 | D:3      | Noticed Sigmund
  1696 | D:3      | Killed Sigmund
  1697 | D:3      | Reached XP level 4. HP: 37/37 MP: 1/4
  1697 | D:3      | Reached XP level 5. HP: 42/42 MP: 1/5
  1878 | D:3      | Noticed Grinder
  1902 | D:3      | Paralysed by Grinder for 4 turns
  1908 | D:3      | Killed Grinder
  1909 | D:3      | Reached XP level 6. HP: 12/48 MP: 6/6
  2465 | D:3      | Gained mutation: You passively map a small area around you.
                  | [potion of mutation]
  2465 | D:3      | Gained mutation: Your spells are a little easier to cast,
                  | but a little less powerful. [potion of mutation]
  2465 | D:3      | Gained mutation: Your natural rate of healing is unusually
                  | fast. [potion of mutation]
  2467 | D:3      | HP: 3/73 [poisoned by a scorpion]
  2468 | D:3      | Slain by a scorpion

Illustrated notes

Levels and vault maps discovered:
D:1:      giann_bridges, layout_basic, hellmonk_ecumenical_altar_lost_god
D:2:      layout_basic, st_stairs_6
D:3:      layout_rooms, minmay_rat_hole, uniq_sigmund, uniq_grinder
D:4:      layout_gridville, elyvilon_altar_3, minmay_shop_grid_forest

Skill      XL: |  1  2  3  4  5 |
---------------+----------------+-----
Axes           | 3 |  3.6
Fighting       | 4 |  4.3
Armour         | 4 |  4.3
Shields        | 4 |  4.3

Action                   |  1- 3 |  4- 6 || total
-------------------------+-------+-------++-------
Melee: War axe           |    60 |    63 ||   123
Invok: Request Jelly     |     2 |       ||     2
  Use: Potion            |       |     5 ||     5
Armor: Scale mail        |    29 |    33 ||    62
       Skin              |       |     1 ||     1
Dodge: Dodged            |    26 |    14 ||    40
Block: Kite shield       |    36 |    46 ||    82

Table legend: (Time is in decaauts)
 A = Elapsed time spent in this place.
 B = Non-inter-level travel time spent in this place.
 C = Inter-level travel time spent in this place.
 D = Time resting spent in this place.
 E = Time spent auto-exploring this place.
 F = Levels seen in this place.
 G = Mean time per level.
                   A        B        C        D        E       F      G
               +--------+--------+--------+--------+--------+-----+--------+
         Total |   2541 |   2499 |     42 |    196 |   1883 |   4 |  635.2 |
       Dungeon |   2541 |   2499 |     42 |    196 |   1883 |   4 |  635.2 |
               +--------+--------+--------+--------+--------+-----+--------+

Top non-repeatable levels by time:
     D:3: 929 daAuts
     D:1: 825 daAuts
     D:2: 734 daAuts
     D:4: 51 daAuts
